 Dungeon Crawl Stone Soup version 0.28.0 (webtiles) character file.

Game seed: 1770077457065802897

12 RighteousDevil the Vexing (level 2, 0/28 HPs)
             Began as an Ogre Arcane Marksman on Feb 10, 2022.
             Was an Initiate of Gozag.
             Frozen to death by an endoplasm (5 damage)
             ... on level 1 of the Dungeon.
             The game lasted 00:01:55 (614 turns).

RighteousDevil the Vexing (Ogre Arcane Marksman)     Turns: 614, Time: 00:01:56

Health: 0/28       AC:  3    Str: 13    XL:     2   Next: 33%
Magic:  4/4        EV: 10    Int: 14    God:    Gozag
Gold:   4          SH:  0    Dex:  9    Spells: 3/4 levels left

rFire   . . .      SeeInvis .   (no weapon)
rCold   . . .      Faith    .   (no shield)
rNeg    . . .      Spirit   .   a - +0 robe
rPois   .          Reflect  .   (helmet restricted)
rElec   .          Harm     .   (no cloak)
rCorr   .          Rampage  .   (gloves unavailable)
Will    .....                   (boots unavailable)
Stlth   +.........              (no amulet)
HPRegen 0.09/turn               (no ring)
MPRegen 0.09/turn               (no ring)

@: gold aura
A: large, unfitting armour, tough skin 1
a: Renounce Religion, Potion Petition, Call Merchant, Bribe Branch


You were on level 1 of the Dungeon.
You worshipped Gozag.
Gozag was noncommittal.
You visited 1 branch of the dungeon, and saw 1 of its levels.

You collected 4 gold pieces.

Inventory:

Missiles
 b - 2 poisoned darts (quivered)
 c - 2 boomerangs
Armour
 a - a +0 robe (worn)


   Skills:
 + Level 1.8 Fighting
 + Level 2.2 Throwing
 + Level 2.0 Dodging
 + Level 1.5 Spellcasting
 + Level 2.8 Hexes


You had 3 spell levels left.
You knew the following spells:

 Your Spells              Type           Power      Damage    Failure   Level
a - Slow                  Hex            36%        N/A       8%          1

Your spell library contained the following spells:

 Spells                   Type           Power      Damage    Failure   Level
 Inner Flame              Hex/Fire       5%         N/A       38%         3
 Portal Projectile        Hex/Tloc       10%        N/A       38%         3
 Cause Fear               Hex            4%         N/A       61%         4


Dungeon Overview and Level Annotations

Branches:
Dungeon (1/15)

Altars:
Gozag


Innate Abilities, Weirdness & Mutations

You are too large for most types of armour.
You have tough skin. (AC +1)


Message History

You throw a boomerang.
The boomerang closely misses the hobgoblin.
The endoplasm barely misses you.
The hobgoblin hits you but does no damage.
The endoplasm completely misses you. The hobgoblin hits you.
* * * LOW HITPOINT WARNING * * *
Unknown command.
You hit the hobgoblin.
The hobgoblin is heavily wounded.
The endoplasm hits you but does no damage.
The hobgoblin barely misses you.
A rat comes into view.
The hobgoblin hits you.
* * * LOW HITPOINT WARNING * * *
You see here 16 gold pieces.
The rat closely misses you.
You see here 2 large rocks.
d - 2 large rocks The rat closely misses you.
The endoplasm hits you but does no damage.
The rat twitches its whiskers.
Throw: 2 large rocks
Press: ? - help, Q - select action, (/) - cycle Shift-Dir - straight line, f/p - hobgoblin
Aim: a hobgoblin (54% to hit)
You throw a large rock. The large rock hits the rat!!
You kill the rat!
The endoplasm hits you.
* * * LOW HITPOINT WARNING * * *
Throw: large rock
Press: ? - help, Q - select action, (/) - cycle Shift-Dir - straight line, f/p - hobgoblin
Aim: a hobgoblin (54% to hit)
You throw a large rock. The large rock hits the endoplasm.
The endoplasm is almost dead.
The endoplasm freezes you.
You are frozen.
* * * LOW HITPOINT WARNING * * *
The endoplasm freezes you.
You are frozen.
You die...
Your body crumbles into a pile of gold.

# #### ##...# # ###
.....# ##.####.. ..
.....#...........###..#
.....#.##.............#
....##.##......#@#
....##.##..[$..#J#
.............. #g#
.......##.#.####g#
.................###..
#.............g........
..............#.......#
######........#...##...
#### #.............. .#


You could see an endoplasm and 2 hobgoblins.

Vanquished Creatures
  An endoplasm (D:1)
  A giant cockroach (D:1)
  2 jackals (D:1)
  A quokka (D:1)
  5 ball pythons (D:1)
  A rat (D:1)
11 creatures vanquished.

Notes
Turn   | Place    | Note
-------+----------+-------------------------------------------
     0 | D:1      | RighteousDevil the Ogre Arcane Marksman began the quest for
                  | the Orb.
     0 | D:1      | Reached XP level 1. HP: 19/19 MP: 2/2
   195 | D:1      | Found a faded altar of an unknown god.
   211 | D:1      | Reached XP level 2. HP: 16/28 MP: 4/4
   525 | D:1      | Prayed at the altar of an unknown god.
   525 | D:1      | Became a worshipper of Gozag Ym Sagoz the Greedy
   614 | D:1      | Frozen to death by an endoplasm

Illustrated notes

Levels and vault maps discovered:
D:1:      heliophobic_arrival_glass_houses, layout_basic,
          nicolae_ecumenical_snake_handling, serial_shops, shop

Skill      XL: |  1  2 |
---------------+-------+-----
Dodging        | 2 |  2.0
Fighting       | |  1.8
Throwing       | |  2.2
Spellcasting   | |  1.5
Hexes          | |  2.8

Action                   || total
-------------------------++-------
Melee: Unarmed           ||    31
Throw: Large rock        ||    16
       Throwing net      ||     3
       Dart              ||     2
       Boomerang         ||     2
Armor: Robe              ||    30
Dodge: Dodged            ||    48
